 Dungeon Crawl Stone Soup version 0.19.5 (webtiles) character file.

639 tof the Twirler (level 7, 0/55 HPs)
             Began as a Demonspawn Gladiator on Mar 7, 2017.
             Was a Follower of Uskayaw.
             Slain by a mummy (1 damage)
             ... in an ossuary.
             The game lasted 00:12:25 (2910 turns).

tof the Twirler (Demonspawn Gladiator)              Turns: 2910, Time: 00:12:26

Health: 0/55       AC: 14    Str: 13 (15) XL:     7   Next: 25%
Magic:  4/7        EV:  9    Int: 11 (12) God:    Uskayaw [*.....]
Gold:   172        SH:  0    Dex: 19      Spells: 0 memorised, 6 levels left

rFire  + . .     SeeInvis .     a - +0 quarterstaff
rCold  . . .     Gourm    .     r - +0 chain mail
rNeg   . . .     Faith    .     (shield currently unavailable)
rPois  .         Spirit   .     c - +0 helmet
rElec  .         Reflect  .     i - +2 cloak
rCorr  .         Harm     .     u - +0 pair of gloves
MR     .....                    (no boots)
Stlth  ..........               (no amulet)
                                y - +2 ring of dexterity
                                g - +2 ring of evasion

@: no status effects
A: hooves 1, agile 1, clever 1, fire resistance 1, powered by death 1, spiny 1
a: Stomp, Renounce Religion


You were in an ossuary.
You worshipped Uskayaw.
Uskayaw was noncommittal.
You were very hungry.

You visited 1 branch of the dungeon, and saw 4 of its levels.
You also visited: Ossuary.

You collected 172 gold pieces.

Inventory:

Hand Weapons
 a - a +0 quarterstaff (weapon)
Missiles
 d - 3 throwing nets
 j - 115 stones
 m - 5 tomahawks (quivered)
 n - 26 sling bullets
Armour
 b - a +0 leather armour
 c - a +0 helmet (worn)
 i - a +2 cloak (worn)
 q - a +0 ring mail
 r - a +0 chain mail (worn)
 u - a +0 pair of gloves (worn)
Jewellery
 g - a +2 ring of evasion (left hand)
 t - a +1 ring of protection
 y - a +2 ring of dexterity (right hand)
Wands
 x - a wand of digging (6/24)
Scrolls
 k - 7 scrolls of identify {unknown}
 l - 3 scrolls of remove curse {unknown}
 s - a scroll of blinking {unknown}
 v - 2 scrolls of teleportation {unknown}
Potions
 e - a potion of curing
Comestibles
 f - 6 bread rations
 o - 2 meat rations
 p - 2 fruits


   Skills:
 * Level 4.6 Fighting
 * Level 4.7 Staves
 + Level 3.3 Throwing
 + Level 2.1 Armour
 + Level 3.6 Dodging


You had 6 spell levels left.
You didn't know any spells.

Dungeon Overview and Level Annotations

Branches:
Dungeon (4/15)             Temple (0/1) D:4

Altars:
Cheibriados
Kikubaaqudgha
Uskayaw

Annotations:
D:4 Exporg's ghost, amateur HOFi


Innate Abilities, Weirdness & Mutations

You have large cloven feet.
You regenerate a little health from kills.
You are partially covered in sharp spines.
You are agile. (Dex +2)
Your mind is acute. (Int +2)
Your flesh is heat resistant. (rF+)


Message History

Your chain mail prevents you from hitting the mummy.
The mummy is severely damaged.
Your chain mail prevents you from hitting the mummy.
You kick the mummy, but do no damage.
The mummy is severely damaged.
The mummy is struck by your spines. The mummy barely misses you.
You hit the mummy but do no damage. You kick the mummy, but do no damage.
The mummy is almost destroyed.
The mummy hits you but does no damage.
Your chain mail prevents you from hitting the mummy.
You kick the mummy, but do no damage.
The mummy is almost destroyed.
The mummy hits you!
* * * LOW HITPOINT WARNING * * *
Your chain mail prevents you from hitting the mummy.
The mummy is almost destroyed.
You hit the mummy. Your kick misses the mummy.
The mummy is almost destroyed.
The mummy hits you.
You die...

#..##.'...#......##..#
#...####..#...####...#
#......########......#
#....................#
#....................#
#......########......#
#...####.'..#.####...#
#..##....####.#$.##..#
#..'..........@M$∩#..#
#..##....####.#$$##..#
#...####.'..#.####...#
#......########......#
#....................#
#....................#
######################


You could see a mummy.

Vanquished Creatures
  3 elf zombies (Ossuary)
  A centaur zombie (Ossuary)
  2 human zombies (Ossuary)
  An orc priest (D:3)
  Jessica (D:3)
  A worker ant (D:4)
  Ijyb (D:2)
  2 big kobold zombies (Ossuary)
  2 hound zombies (Ossuary)
  2 mummies (Ossuary)
  4 adders
  2 worms
  2 dart slugs (D:1)
  5 leopard geckos
  3 orcs (D:3)
  A ball python (D:2)
  7 bats
  5 giant cockroaches
  3 gnoll zombies (Ossuary)
  7 goblins
  7 hobgoblins
  8 jackals
  A quokka (D:2)
  5 frilled lizards
  3 goblin zombies (Ossuary)
  2 hobgoblin zombies (Ossuary)
  3 jackal zombies (Ossuary)
  8 kobolds
  4 kobold zombies (Ossuary)
  2 orc zombies (Ossuary)
  4 quokka zombies (Ossuary)
  11 rats
  3 rat zombies (Ossuary)
116 creatures vanquished.

Notes
Turn   | Place    | Note
-------+----------+-------------------------------------------
     0 | D:1      | tof the Demonspawn Gladiator began the quest for the Orb.
     0 | D:1      | Reached XP level 1. HP: 16/16 MP: 1/1
    83 | D:1      | Gained mutation: You are partially covered in sharp spines. [demonic ancestry]
    83 | D:1      | Reached XP level 2. HP: 18/22 MP: 2/2
   420 | D:1      | Gained mutation: Your flesh is heat resistant. (rF+) [potion of mutation]
   420 | D:1      | Gained mutation: Your mind is acute. (Int +2) [potion of mutation]
   420 | D:1      | Gained mutation: You are agile. (Dex +2) [potion of mutation]
   430 | D:1      | Gained mutation: You have large cloven feet. [demonic ancestry]
   430 | D:1      | Reached XP level 3. HP: 28/28 MP: 3/3
   862 | D:2      | Found an ancient bone altar of Kikubaaqudgha.
   956 | D:2      | Noticed Ijyb
   966 | D:2      | Reached XP level 4. HP: 17/34 MP: 4/4
  1136 | D:2      | Killed Ijyb
  1136 | D:2      | Reached skill level 1 in Armour
  1796 | D:3      | Gained mutation: You regenerate a little health from kills. [demonic ancestry]
  1796 | D:3      | Reached XP level 5. HP: 41/41 MP: 5/5
  1976 | D:3      | Found a snail-covered altar of Cheibriados.
  1976 | D:3      | Found a faded altar of an unknown god.
  2025 | D:3      | Found a faded altar of an unknown god.
  2027 | D:3      | Found a faded altar of an unknown god.
  2028 | D:3      | Found a hide-covered altar of Uskayaw.
  2031 | D:3      | Became a worshipper of Uskayaw the Reveler
  2239 | D:3      | Reached * piety under Uskayaw
  2271 | D:3      | Noticed Jessica
  2282 | D:3      | Reached ** piety under Uskayaw
  2285 | D:3      | Killed Jessica
  2536 | D:4      | Noticed Exporg's ghost (amateur HOFi)
  2556 | D:4      | Found a sand-covered staircase.
  2568 | Ossuary  | Entered an ossuary
  2594 | Ossuary  | Reached *** piety under Uskayaw
  2603 | Ossuary  | Reached XP level 6. HP: 39/48 MP: 6/6
  2623 | Ossuary  | Reached **** piety under Uskayaw
  2635 | Ossuary  | Reached ***** piety under Uskayaw
  2847 | Ossuary  | Reached XP level 7. HP: 52/55 MP: 3/7
  2908 | Ossuary  | HP: 1/55 [mummy (13)]
  2910 | Ossuary  | Slain by a mummy

Skill      XL: |  1  2  3  4  5  6 |
---------------+-------------------+-----
Throwing       | 2 3 |  3.3
Staves         | 3 4 |  4.7
Fighting       | 3 4 |  4.6
Armour         | 1 2 |  2.1
Dodging        | 3 |  3.6

Action                   |  1- 3 |  4- 6 |  7- 9 || total
-------------------------+-------+-------+-------++-------
Melee: Quarterstaff      |    86 |   194 |    34 ||   314
       Kick              |     6 |    61 |    14 ||    81
Throw: Stone             |     1 |       |       ||     1
       Throwing net      |     1 |       |       ||     1
       Tomahawk          |     1 |       |       ||     1
Invok: Line Pass         |       |     1 |       ||     1
       Stomp             |       |       |     1 ||     1
  Use: Potion            |     4 |     3 |       ||     7
       Scroll            |       |     1 |       ||     1
 Stab: Paralysed         |       |     5 |       ||     5
       Confused          |       |     1 |       ||     1
  Eat: Chunk             |       |     6 |       ||     6
Armor: Leather armour    |    18 |     1 |       ||    19
       Ring mail         |       |     9 |       ||     9
       Chain mail        |       |    88 |    10 ||    98
Dodge: Dodged            |    59 |    79 |     8 ||   146
